 Dungeon Crawl Stone Soup version 0.26-a0-658-gbdda728c12 (webtiles) character file.

Game seed: 2141336298574148017

28 heikuro the Skirmisher (level 3, 0/29 HPs)
             Began as a Formicid Abyssal Knight on Oct 4, 2020.
             Was a Follower of Lugonu.
             Succumbed to an adder's poison
             ... on level 2 of the Dungeon.
             The game lasted 00:02:16 (1484 turns).

heikuro the Skirmisher (Formicid Abyssal Knight)    Turns: 1484, Time: 00:02:17

Health: 0/29       AC:  3    Str: 17    XL:     3   Next: 30%
Magic:  4/4        EV: 11    Int: 11    God:    Lugonu [*.....]
Gold:   52         SH:  0    Dex: 10    Spells: 2/2 levels left

rFire    . . .     SeeInvis +   e - -1 hand axe (curse)
rCold    . . .     Faith    .   (no shield)
rNeg     . . .     Spirit   .   b - +0 leather armour
rPois    .         Reflect  .   (helmet unavailable)
rElec    .         Harm     .   (no cloak)
rCorr    .         Rampage  .   (no gloves)
MR       .....                  (no boots)
Stlth    +.........             (no amulet)
HPRegen  0.09/turn              (no ring)
MPRegen  0.09/turn              (no ring)

@: lethally poisoned (0 -> -7)
A: permanent stasis, dig shafts and tunnels, four strong arms, antennae 3
a: Dig, Shaft Self, Depart the Abyss, Renounce Religion


You were on level 2 of the Dungeon.
You worshipped Lugonu.
Lugonu was aware of your devotion.
You visited 1 branch of the dungeon, and saw 2 of its levels.
You visited the Abyss 1 time.

You collected 52 gold pieces.

Inventory:

Hand Weapons
 a - a +1 spear
 e - a cursed -1 hand axe (weapon)
Missiles
 h - 46 stones (quivered)
Armour
 b - a +0 leather armour (worn)
 j - a +0 buckler
Jewellery
 i - a +6 ring of strength {unknown}
Scrolls
 d - a scroll of amnesia {unknown}
 f - a scroll of blinking {unknown}
 g - a scroll of immolation {unknown}
Potions
 c - a potion of stabbing {unknown}


   Skills:
 + Level 3.5 Fighting
 * Level 2.6 Polearms
 + Level 2.6 Armour
 - Level 1.0 Dodging
 + Level 2.6 Invocations


You had 2 spell levels left.
You didn't know any spells.
Your spell library was empty.

Dungeon Overview and Level Annotations

Branches:
Dungeon (2/15)

Altars:


Innate Abilities, Weirdness & Mutations

You cannot be hasted, slowed, berserked, paralysed or teleported.
You can dig through walls and to a lower floor.
Your four strong arms can wield two-handed weapons with a shield.
You have a pair of large antennae on your head. (SInv)


Message History

You feel sick. The adder bites you but does no damage.
You are too injured to fight recklessly!
You hit the adder but do no damage.
The adder is almost dead.
* * * LOW HITPOINT WARNING * * *
You feel sick.
The adder bites you but does no damage. x2
You are too injured to fight recklessly!
You hit the adder.
The adder is almost dead.
The adder bites you but does no damage.
You are too injured to fight recklessly!
You miss the adder.
The adder is almost dead.
* * * LOW HITPOINT WARNING * * *
You feel sick. The adder bites you but does no damage.
The adder barely misses you.
You are too injured to fight recklessly!
You miss the adder.
The adder is almost dead.
You die...

... .... #######
..... ..... ... ..>
#.###.#
####.....########.#
.............@SS..#
.........##########
##.......#
......†..#
......#.###
##.#..#..<#
#.#....### #...####
.....


You could see 2 adders.

Vanquished Creatures
  An ooze (D:2)
  2 dart slugs (D:1)
  A leopard gecko (D:2)
  A bat (D:2)
  A giant cockroach (D:1)
  3 goblins
  3 hobgoblins (D:1)
  A frilled lizard (D:1)
  2 kobolds (D:1)
  5 rats (D:1)
20 creatures vanquished.

Notes
Turn   | Place    | Note
-------+----------+-------------------------------------------
     0 | Abyss:1  | heikuro the Formicid Abyssal Knight began the quest for the
                  | Orb.
     0 | Abyss:1  | Reached XP level 1. HP: 18/18 MP: 2/2
    44 | Abyss:1  | Noticed a silent spectre
   105 | Abyss:1  | Noticed a wretched star
   105 | Abyss:1  | Noticed a smoke demon
   106 | D:1      | Escaped the Abyss
   296 | D:1      | Reached skill level 1 in Dodging
   350 | D:1      | Reached XP level 2. HP: 24/24 MP: 3/3
   956 | D:1      | Reached * piety under Lugonu
  1349 | D:2      | Reached XP level 3. HP: 21/29 MP: 4/4
  1481 | D:2      | HP: 1/29 [poisoned by an adder]
  1484 | D:2      | Succumbed to an adder's poison

Illustrated notes

Levels and vault maps discovered:
D:1:      minmay_arrival_up_and_down, layout_basic
D:2:      layout_basic, chequers_ecumenical_altar_simple,
          minmay_misc_feat_rugged

Skill      XL: |  1 |
---------------+----+-----
Dodging        | 1 |  1.0
Fighting       | |  3.5
Polearms       | |  2.6
Armour         | |  2.6
Invocations    | |  2.6

Action                   || total
-------------------------++-------
Melee: Hand axe          ||    69
       Spear             ||     5
Throw: Stone             ||     8
Invok: Depart the Abyss  ||     1
 Abil: Dig               ||     1
Armor: Leather armour    ||    24
Dodge: Dodged            ||    48

Table legend: (Time is in decaauts)
 A = Elapsed time spent in this place.
 B = Non-inter-level travel time spent in this place.
 C = Inter-level travel time spent in this place.
 D = Time resting spent in this place.
 E = Time spent auto-exploring this place.
 F = Levels seen in this place.
 G = Mean time per level.
                   A        B        C        D        E       F      G
               +--------+--------+--------+--------+--------+-----+--------+
         Total |   1500 |   1472 |     28 |    472 |    582 |   3 |  500.0 |
       Dungeon |   1394 |   1366 |     28 |    472 |    504 |   2 |  697.0 |
         Abyss |    106 |    106 |      0 |      0 |     78 |   1 |  106.0 |
               +--------+--------+--------+--------+--------+-----+--------+

Top non-repeatable levels by time:
     D:1: 1324 daAuts
 Abyss:1: 106 daAuts
     D:2: 70 daAuts
